 Dungeon Crawl Stone Soup version 0.24.0-13-gcf9b319 (webtiles) character file.

Game seed: 1136852365661052168, levelgen mode: deterministic

12814 Fang the Fighter (level 11, -1/73 HPs)
             Began as a Gargoyle Fighter on Dec 17, 2019.
             Was a Priest of Trog.
             Slain by a vampire (3 damage)
             ... on level 11 of the Dungeon.
             The game lasted 00:13:43 (11737 turns).

Fang the Fighter (Gargoyle Fighter)                Turns: 11737, Time: 00:13:44

Health: -1/73      AC: 28    Str: 23    XL:     11   Next: 99%
Magic:  11/11      EV:  4    Int:  9    God:    Trog [***...]
Gold:   770        SH:  0    Dex:  9    Spells: 10/10 levels left

rFire    . . .     SeeInvis .   a - +4 war axe
rCold    + . .     Gourm    .   B - +0 large shield
rNeg     + . .     Faith    .   b - +0 plate armour
rPois    ∞         Spirit   .   p - +2 hat
rElec    +         Reflect  .   s - +2 cloak
rCorr    +         Harm     .   (no gloves)
MR       .....                  (no boots)
Stlth    ..........             (no amulet)
HPRegen  0.22/turn              h - ring of resist corrosion
MPRegen  0.12/turn              i - ring of protection from cold

@: confused, berserk cooldown, slowed, very slow
A: negative energy resistance 1, electricity resistance, unbreathing,
petrification resistance, rot immunity, AC +8
a: Berserk, Trog's Hand, Renounce Religion


You were on level 11 of the Dungeon.
You worshipped Trog.
Trog was most pleased with you.
You were not hungry.

You visited 2 branches of the dungeon, and saw 13 of its levels.
You also visited: Sewer and Bailey.

You collected 770 gold pieces.

Inventory:

Hand Weapons
 a - a +4 war axe (weapon)
Armour
 b - a +0 plate armour (worn)
 p - a +2 hat (worn)
 s - a +2 cloak (worn)
 B - a +0 large shield (worn)
Jewellery
 g - an uncursed ring of stealth
 h - a ring of resist corrosion (left hand)
 i - a ring of protection from cold (right hand)
Wands
 k - a wand of iceblast (18)
 l - a wand of flame (24)
 o - a wand of polymorph (5)
 u - a wand of random effects (15)
 y - a wand of digging (6)
Scrolls
 j - 4 scrolls of identify
 m - a scroll of remove curse
 r - 3 scrolls of teleportation
 v - 2 scrolls of blinking
 C - a scroll of fear
 E - a scroll of fog
 F - a scroll of summoning
Potions
 d - 4 potions of might
 e - 4 potions of heal wounds
 f - a potion of invisibility
 n - a potion of ambrosia
 q - 7 potions of curing
 w - a potion of cancellation
 x - a potion of berserk rage
 z - 2 potions of flight
 A - a potion of haste
 D - 2 potions of mutation
Comestibles
 c - 18 rations


   Skills:
 + Level 10.8 Fighting
 + Level 8.9 Axes
 + Level 10.8 Armour
 + Level 10.8 Shields


You had 10 spell levels left.
You didn't know any spells.
Your spell library was empty.

Dungeon Overview and Level Annotations

Branches:
Dungeon (12/15)            Temple (1/1) D:7            Lair (0/6) D:11
  Sewer (visited)          Bailey (visited)
    Orc: D:9-12

Altars:
Ashenzari
Cheibriados
Dithmenos
Elyvilon
Fedhas
Gozag
Hepliaklqana
Kikubaaqudgha
Makhleb
Nemelex Xobeh
Okawaru
Qazlal
Ru
Sif Muna
Trog
Uskayaw
Vehumet
Wu Jian
Xom
Yredelemnul
Zin
The Shining One

Shops:
D:6 [   D:11 (   D:12 *

Annotations:
D:3 1 runed translucent door, taco102's ghost, weakling FeCK


Innate Abilities, Weirdness & Mutations

You are resistant to torment.
Your stone body is resilient. (AC +8)
You are immune to poison.
You resist negative energy. (rN+)
You are resistant to electric shocks. (rElec)
You can survive without breathing.
You are immune to petrification.
You are immune to rotting.


Message History

You are confused.
The vampire hits you but does no damage.
The vampire barely misses you.
The vampire is infused with unholy energy.
* * * LOW HITPOINT WARNING * * *
The vampire draws life force from you and is healed!
Something hits you but does no damage. Something bites you but does no damage.
The vampire hits you.
* * * LOW HITPOINT WARNING * * *
The vampire bites you but does no damage.
You're too confused!
You eat one of the 19 rations.
That ration really hit the spot!
Unholy energy fills the air.
* * * LOW HITPOINT WARNING * * *
The vampire mumbles some strange words.
The vampire flickers and vanishes!
Something hits you but does no damage. Something bites you but does no damage.
Something hits you but does no damage. Something bites you but does no damage.
Something hits you.
You die...

#.# #.# ##.# #.#
#..# #.# ..##
###.### .##
##########..<..#
.####..............#
......########.....#
.###### #.....# .#
#.>@..# ## #.{...# #
##.#### # #.##
###### #..# .#...#
##.# .#.#.# #.#
.#.#.# ###'##
.#.###########....#


There were no monsters in sight!

Vanquished Creatures
  A two-headed ogre (D:11)
  Pikel (D:7)
  2 ugly things
  Joseph (D:10)
  A centaur skeleton (D:10)
  Psyche (D:8)
  A hornet (D:11)
  3 trolls
  Prince Ribbit (D:8)
  A hippogriff (D:10)
  A shadow (D:11)
  A vampire (D:12)
  A human (D:9)
  2 wraiths
  7 yaks
  A wyvern (D:9)
  3 hungry ghosts
  3 hogs (D:9)
  Menkaure (D:7)
  Duvessa (D:6)
  A water moccasin (D:8)
  10 orc warriors
  2 sky beasts
  A slave (D:7)
  3 black bears
  2 phantoms
  5 ice beasts
  9 ogres
  7 centaurs
  3 big kobolds
  4 bullfrogs
  Dowan (D:6)
  A wyvern zombie (D:7)
  A scorpion (D:8)
  5 killer bees (D:11)
  3 wights (D:7)
  4 howler monkeys
  2 crimson imps
  5 hounds
  A centaur zombie (D:5)
  2 jellies
  A bullfrog skeleton (D:10)
  6 orc priests
  An iron imp (D:8)
  6 orc wizards
  An iguana (D:7)
  9 worker ants
  A hound skeleton (D:9)
  2 howler monkey zombies
  15 adders
  3 river rats (Sewer)
  3 shadow imps
  An ooze (D:3)
  An adder skeleton (D:8)
  3 worms
  3 dart slugs
  8 leopard geckos
  26 orcs
  7 ball pythons
  9 giant cockroaches
  11 goblins
  8 hobgoblins
  4 jackals (D:7)
  2 quokkas
  5 bats
  9 frilled lizards
  A goblin skeleton (D:8)
  5 goblin zombies (D:8)
  2 hobgoblin zombies (D:8)
  32 kobolds
  A kobold skeleton (D:8)
  An orc zombie (D:8)
  A quokka skeleton (D:4)
  25 rats
319 creatures vanquished.

Vanquished Creatures (others)
  A phantom (D:7)
  An adder skeleton (D:7)
  4 toadstools (D:1)
6 creatures vanquished.

Grand Total: 325 creatures vanquished

Notes
Turn   | Place    | Note
-------+----------+-------------------------------------------
     0 | D:1      | Fang the Gargoyle Fighter began the quest for the Orb.
     0 | D:1      | Reached XP level 1. HP: 14/14 MP: 1/1
   161 | D:1      | Reached XP level 2. HP: 19/19 MP: 2/2
   217 | D:1      | You fall into a shaft and drop 1 floor!
   238 | D:2      | Reached XP level 3. HP: 23/23 MP: 3/3
   349 | D:2      | Found a basalt altar of Yredelemnul.
   476 | D:2      | Found an ancient bone altar of Kikubaaqudgha.
   643 | D:2      | Reached XP level 4. HP: 26/29 MP: 4/4
  1633 | D:3      | Found a runed translucent door.
  1641 | D:3      | Noticed taco102's ghost (weakling FeCK)
  1714 | D:3      | Found an ornate altar of the Wu Jian Council.
  1733 | D:3      | Reached XP level 5. HP: 19/33 MP: 5/5
  1965 | D:3      | Found a sparkling altar of Nemelex Xobeh.
  2650 | D:4      | Noticed an ogre
  2659 | D:4      | Killed an ogre
  2659 | D:4      | Reached XP level 6. HP: 39/39 MP: 6/6
  2753 | D:4      | Found a shadowy altar of Dithmenos.
  2907 | D:4      | Found a burning altar of Makhleb.
  2953 | D:4      | Found a glowing drain.
  3019 | Sewer    | Entered a sewer
  3330 | Sewer    | Reached skill level 5 in Fighting
  3330 | Sewer    | Reached skill level 5 in Armour
  3330 | Sewer    | Reached skill level 5 in Shields
  3330 | Sewer    | Reached XP level 7. HP: 34/44 MP: 7/7
  4060 | D:5      | Entered Level 5 of the Dungeon
  4701 | D:5      | Reached XP level 8. HP: 12/51 MP: 8/8
  5529 | D:6      | Noticed Duvessa
  5529 | D:6      | Noticed Dowan
  5551 | D:6      | Killed Duvessa
  5555 | D:6      | Killed Dowan
  5947 | D:6      | Reached skill level 5 in Axes
  6242 | D:6      | Found Zamn's Armour Boutique.
  6289 | D:6      | Found a snail-covered altar of Cheibriados.
  6587 | D:7      | Reached XP level 9. HP: 28/57 MP: 9/9
  6682 | D:7      | Found a staircase to the Ecumenical Temple.
  6702 | Temple   | Entered the Ecumenical Temple
  7027 | D:7      | Noticed Menkaure
  7039 | D:7      | Killed Menkaure
  7079 | D:7      | Noticed Pikel
  7111 | D:7      | Killed Pikel
  7350 | D:7      | Found an opulent altar of Gozag.
  7647 | D:8      | Noticed Prince Ribbit
  7722 | D:8      | Killed Prince Ribbit
  7722 | D:8      | Reached XP level 10. HP: 63/64 MP: 10/10
  7983 | D:8      | Found a glowing golden altar of the Shining One.
  8000 | D:8      | Found a bloodstained altar of Trog.
  8024 | D:8      | Became a worshipper of Trog the Wrathful
  8113 | D:8      | Noticed Psyche
  8120 | D:8      | Killed Psyche
  8392 | D:9      | Found a glowing silver altar of Zin.
  8552 | D:9      | Found a flagged portal.
  8633 | Bailey   | Entered a bailey
  9072 | D:9      | Found a sparkling altar of Nemelex Xobeh.
  9175 | D:10     | Entered Level 10 of the Dungeon
  9202 | D:9      | Reached * piety under Trog
  9521 | D:10     | Reached XP level 11. HP: 71/71 MP: 11/11
  9748 | D:10     | Found a shattered altar of Ashenzari.
  9882 | D:10     | Noticed Joseph
  9902 | D:10     | Killed Joseph
  9902 | D:10     | Reached skill level 10 in Fighting
  9902 | D:10     | Reached skill level 10 in Armour
  9902 | D:10     | Reached skill level 10 in Shields
 10014 | D:10     | Noticed a brown ugly thing
 10026 | D:10     | Killed a brown ugly thing
 10280 | D:11     | Reached ** piety under Trog
 10303 | D:11     | Found Noixkas's Weapon Shop.
 10447 | D:11     | Noticed a purple ugly thing
 10462 | D:11     | Killed a purple ugly thing
 10611 | D:11     | Found a staircase to the Lair.
 10885 | D:11     | Noticed a two-headed ogre
 10893 | D:11     | Killed a two-headed ogre
 11257 | D:12     | Reached *** piety under Trog
 11277 | D:12     | Noticed a five-headed hydra
 11699 | D:12     | Found Midot's Blood Bar.
 11735 | D:11     | HP: 3/73 [vampire (1)]
 11737 | D:11     | Slain by a vampire

Levels and vault maps discovered:
D:1:      ldierk_walled_garden_2, layout_loops_cross
D:2:      layout_basic, lemuel_coloured_pillars_altar, kiku_gazebo_pond_becter
D:3:      layout_basic, nicolae_overflow_crystal_walls, ebering_ghost_sewer_d,
          first_ration, nemelex_xobeh_ov_fountains_minmay
D:4:      layout_loops_cross, makhleb_blood_cavern_becter, lemuel_doored_altar,
          gup_sewer_entry_glass
D:5:      layout_gridville
D:6:      layout_basic, serial_shops,
          nicolae_shop_temple_entry_statues_fountains, cheibrodos_worm_habitat,
          uniq_duvessa
D:7:      layout_loops_cross, overflow_temple_1_default,
          minmay_temple_entry_glass, uniq_menkaure, uniq_pikel
D:8:      layout_basic, old_standard_altar, nicolae_tso_besieged_by_evil,
          uniq_prince_ribbit1, uniq_psyche
D:9:      layout_irregular_city, marbit_many_paths, lemuel_crystal_altar,
          enter_bailey_3, grunt_livestock
D:10:     layout_irregular_city, hangedman_decor_riveting,
          lemuel_altar_in_water, uniq_joseph
D:11:     layout_roguey, lair_entry_dummy, serial_shops, shop,
          chequers_mini_garden, minmay_misc_feat_columns
D:12:     layout_long_grid, erik_orc_3, serial_shops, kennysheep_little_box,
          hellmonk_ghost_happy_afterlife, hangedman_weighted_door,
          guppyfry_shop_blood
Temple:   hc_temple_tempest_star

Skill      XL: |  1  2  3  4  5  6  7  8  9 10 11 |
---------------+----------------------------------+-----
Axes           | 2 3 4 5 6 7 8 |  8.9
Shields        | 4 5 7 8 9 10 | 10.8
Armour         | 4 5 6 8 9 10 | 10.8
Fighting       | 4 5 7 8 9 10 | 10.8

Action                   |  1- 3 |  4- 6 |  7- 9 | 10-12 || total
-------------------------+-------+-------+-------+-------++-------
Melee: War axe           |   100 |   336 |   420 |   549 ||  1405
Invok: Berserk           |       |       |       |     3 ||     3
  Use: Scroll            |       |     3 |    17 |    11 ||    31
       Potion            |       |     1 |     1 |     1 ||     3
  Eat: Chunk             |       |     9 |    11 |    16 ||    36
       Ration            |       |       |     2 |     2 ||     4
Armor: Scale mail        |    45 |   180 |    52 |       ||   277
       Chain mail        |       |       |    59 |       ||    59
       Plate armour      |       |       |    76 |   398 ||   474
Dodge: Dodged            |    35 |    75 |    52 |    54 ||   216
Block: Shield            |    61 |    20 |       |       ||    81
       Large shield      |       |   300 |   344 |   572 ||  1216
